 Dungeon Crawl Stone Soup version 0.20.1-1-g8b1a95d (webtiles) character file.

16 slep the Stinger (level 2, 0/21 HPs)
             Began as a Demonspawn Wanderer on Oct 22, 2017.
             Killed from afar by a dart slug (5 damage)
             ... with a slug dart
             ... on level 1 of the Dungeon.
             The game lasted 00:06:53 (660 turns).

slep the Stinger (Demonspawn Wanderer)               Turns: 660, Time: 00:06:53

Health: 0/21       AC:  1    Str: 12    XL:     2   Next: 41%
Magic:  5/5        EV: 11    Int: 12    God:
Gold:   45         SH:  0    Dex: 13    Spells: 5/6 levels left

rFire    . . .     SeeInvis .   m - +0 spear
rCold    . . .     Gourm    .   (no shield)
rNeg     . . .     Faith    .   e - +0 robe
rPois    .         Spirit   .   (helmet restricted)
rElec    .         Reflect  .   (no cloak)
rCorr    .         Harm     .   (no gloves)
MR       .....     Rnd*Rage +   (no boots)
Stlth    +.........             (no amulet)
Regen    0.1/turn               (no ring)
MPRegen  0.1/turn               (no ring)

@: no status effects
A: antennae 1, hooves 1, berserk 1, deformed body
a: no special abilities


You were on level 1 of the Dungeon.
You were not hungry.

You visited 1 branch of the dungeon, and saw 1 of its levels.

You collected 45 gold pieces.

Inventory:

Hand Weapons
 b - a +2 blowgun
 m - a +0 spear (weapon)
Missiles
 a - 4 curare-tipped needles
 k - 14 poisoned needles
Armour
 e - a +0 robe (worn)
Scrolls
 g - 3 scrolls of remove curse {unknown}
 i - a scroll of blinking {unknown}
Potions
 j - a potion of heal wounds
Books
 c - the Guide on the Compass

   Spells                             Type                      Level
   a - Apportation                    Translocation                1
   b - Recall                         Summoning/Translocation      3
 d - Lajung's Compendium of Poisoning

   Spells                             Type                      Level
   a - Sting                          Conjuration/Poison           1
   b - Spider Form                    Transmutation/Poison         3
Comestibles
 f - a bread ration
 h - 2 chunks of flesh
 l - 4 fruits


   Skills:
 + Level 1.1 Fighting
   Level 1.0 Staves
 + Level 1.0 Throwing
 + Level 0.1 Dodging
 + Level 1.0 Stealth
   Level 1.0 Shields
 + Level 0.3 Unarmed Combat
 + Level 2.5 Spellcasting
 + Level 3.1 Poison Magic


You had 5 spell levels left.
You knew the following spells:

 Your Spells              Type           Power        Failure   Level  Hunger
a - Sting                 Conj/Pois      #...         14%         1    #......


Dungeon Overview and Level Annotations

Branches:
Dungeon (1/15)

Altars:


Innate Abilities, Weirdness & Mutations

You have a pair of small antennae on your head.
You have large cloven feet.
You tend to lose your temper in combat.
Armour fits poorly on your strangely shaped body.


Message History

You barely miss the goblin.
The goblin is heavily wounded.
The kobold hits you but does no damage.
The kobold throws a stone.
The stone closely misses you. The goblin hits you with a dagger.
You hit the goblin.
You kill the goblin!
The kobold hits you but does no damage.
The kobold throws a stone.
The stone barely misses you. The kobold barely misses you.
You hit the kobold.
You kill the kobold!
The kobold throws a stone.
The stone hits you.
* * * LOW HITPOINT WARNING * * *
The dart slug closely misses you.
Things that are here:
a dagger; a goblin corpse You hit the dart slug.
The dart slug is heavily wounded.
The dart slug launches a dart at you. The slug dart hits you!
You die...

#...(......... ..
#............. ...
#............. ...#
#............. ....
#...##'#######
###..#+####...##.#
..............##.#
##....K.......##.#
#$....w@(...####'#######
#.........(.# #.........
..#..#+###### #.........
#. #......... #
#......... #.........
###'####### #.....#####
#.....'....


You could see a dart slug and a kobold.

Vanquished Creatures
  2 leopard geckos (D:1)
  3 bats (D:1)
  3 goblins (D:1)
  A hobgoblin (D:1)
  A kobold (D:1)
  A frilled lizard (D:1)
  3 rats (D:1)
14 creatures vanquished.

Notes
Turn   | Place    | Note
-------+----------+-------------------------------------------
     0 | D:1      | slep the Demonspawn Wanderer began the quest for the Orb.
     0 | D:1      | slep set off with: 4 curare-tipped needles, a +2 blowgun, the Guide on the Compass, Lajung's Compendium of Poisoning, a +0 robe, a bread ration
     0 | D:1      | Reached XP level 1. HP: 15/15 MP: 3/3
     0 | D:1      | Identified the Guide on the Compass
     0 | D:1      | Identified Lajung's Compendium of Poisoning
     2 | D:1      | Learned a level 1 spell: Sting
   177 | D:1      | Gained mutation: You tend to lose your temper in combat. [potion of mutation]
   177 | D:1      | Gained mutation: Armour fits poorly on your strangely shaped body. [potion of mutation]
   177 | D:1      | Gained mutation: You have large cloven feet. [potion of mutation]
   428 | D:1      | Gained mutation: You have a pair of small antennae on your head. [demonic ancestry]
   428 | D:1      | Reached XP level 2. HP: 13/21 MP: 5/5
   660 | D:1      | Killed from afar by a dart slug

Action                   || total
-------------------------++-------
Melee: Unarmed           ||    54
       Kick              ||     9
       Spear             ||    11
 Cast: Sting             ||     3
  Use: Potion            ||     2
 Stab: Sleeping          ||     1
Armor: Robe              ||    21
Dodge: Dodged            ||    54
